 Dungeon Crawl Stone Soup version 0.30.1-9-gdf580d7c3d (webtiles) character file.

Game seed: 555528812933147436

77 Odyseus the Stinger (level 4, -1/30 HPs)
             Began as a Demonspawn Venom Mage on Oct 18, 2023.
             Slain by an orc priest
             ... wielding a +0 flail
              (6 damage)
             ... on level 3 of the Dungeon.
             The game lasted 00:09:28 (1639 turns).

Odyseus the Stinger (Demonspawn Venom Mage)         Turns: 1639, Time: 00:09:28

Health: -1/30      AC:  3    Str:  8    XL:     4   Next: 14%
Magic:  4/8        EV: 12    Int: 18    God:
Gold:   80         SH:  0    Dex: 14    Spells: 2/8 levels left

rFire   . . .        c - +0 short sword
rCold   . . .        (no shield)
rNeg    . . .        a - +0 robe
rPois   .            (no helmet)
rElec   .            (no cloak)
rCorr   .            (no gloves)
SInv    .            j - +0 pair of boots
Will    .....        (no amulet)
Stlth   ++           (no ring)
HPRegen 0.25/turn    (no ring)
MPRegen 0.11/turn

%: no passive effects
@: no status effects
A: powered by death 1, demonic touch 1
a: no special abilities


You were on level 3 of the Dungeon.
You visited 1 branch of the dungeon, and saw 3 of its levels.

You collected 80 gold pieces.

Inventory:

Hand Weapons
 c - a +0 short sword (weapon)
Missiles
 d - 4 silver javelins
 q - 5 poisoned darts (quivered)
Armour
 a - a +0 robe (worn)
 j - a +0 pair of boots (worn)
Jewellery
 v - a ring of fire
Scrolls
 h - a scroll of poison {unknown}
 k - 2 scrolls of noise {unknown}
 m - 2 scrolls of identify {unknown}
 o - 2 scrolls of teleportation {unknown}
 p - 2 scrolls of torment {unknown}
 t - a scroll of blinking {unknown}
 u - a scroll of magic mapping {unknown}
Potions
 b - a potion of magic
 e - a potion of haste {unknown}
 f - 3 potions of invisibility {unknown}
 g - a potion of flight {unknown}
 i - a potion of brilliance {unknown}
 l - a potion of lignification {unknown}
 n - a potion of berserk rage {unknown}
 r - a potion of curing {unknown}
 s - a potion of degeneration {unknown}


   Skills:
 + Level 0.2 Fighting
 + Level 1.1 Short Blades
 + Level 1.9 Dodging
 + Level 2.2 Stealth
 + Level 2.7 Spellcasting
 + Level 1.5 Transmutations
 + Level 0.1 Air Magic
 + Level 3.5 Poison Magic


You had 2 spell levels left.
You knew the following spells:

 Your Spells              Type           Power      Damage    Failure   Level
a - Sting                 Tmut/Pois      44%        1d5       6%          1
b - Poisonous Vapours     Pois/Air       18%        N/A       12%         2
c - Ignite Poison         Fire/Tmut/Pois 8%         N/A       26%         3

Your spell library contained the following spells:

 Spells                   Type           Power      Damage    Failure   Level
 Mephitic Cloud           Conj/Pois/Air  6%         N/A       30%         3
 Olgreb's Toxic Radiance  Pois           15%        N/A       36%         4
 Portal Projectile        Hex/Tloc       4%         N/A       45%         3
 Tukima's Dance           Hex            2%         N/A       45%         3
 Volatile Blastmotes      Fire/Tloc      4%         2d10      45%         3
 Fulminant Prism          Conj/Hex       1%         3d5       86%         4
 Iskenderun's Mystic Bla  Conj/Tloc      2%         2d3       86%         4
 Sticky Flame             Conj/Fire      2%         2d3       86%         4
 Blade Hands              Tmut           3%         N/A       94%         5
 Lee's Rapid Deconstruct  Erth           1%         3d4*      99%         5
 Ignition                 Fire           1%         3d3       100%        8


Dungeon Overview and Level Annotations

Branches:
Dungeon (3/15)

Altars:
Cheibriados


Innate Abilities, Weirdness & Mutations

You regenerate a little health from kills.
Your touch may inflict minor irresistible damage on your foes.


Message History

Found a trident and a scroll labelled ERAKOBBEAG.
Found a weird jewelled staff.
An orc priest comes into view. It is wielding a +0 flail.
The orc priest shouts!
You hear a shout!
An orc comes into view. It is wielding a +0 falchion.
An orc comes into view. It is wielding a +0 flail.
The orc priest mumbles some strange prayers to Beogh against you.
Beogh smites you!
An orc comes into view. It is wielding a +0 hand axe.
Casting: Sting (safe; 6% risk of failure)
Confirm with . or Enter, or press ? or * to list all spells.
Aiming: Sting (safe; 6% risk of failure)
Press: ? - help, Shift-Dir - straight line, f - orc priest
Aim: an orc priest, wielding a +0 flail and wearing a +0 leather armour (71% to hit)
The sting hits the orc priest.
The orc priest is poisoned.
The orc priest is lightly wounded.
Casting: Sting (safe; 6% risk of failure)
Confirm with . or Enter, or press ? or * to list all spells.
Aiming: Sting (safe; 6% risk of failure)
Press: ? - help, Shift-Dir - straight line, f/p - orc priest
Aim: an orc priest, wielding a +0 flail and wearing a +0 leather armour (lightly wounded, poisoned, 71% to hit)
The sting misses the orc priest.
An orc comes into view. It is wielding a +0 club.
The orc priest barely misses you.
Unknown command.
Casting: Sting (safe; 6% risk of failure)
Confirm with . or Enter, or press ? or * to list all spells.
Aiming: Sting (safe; 6% risk of failure)
Press: ? - help, Shift-Dir - straight line, f/p - orc priest
Aim: an orc priest, wielding a +0 flail and wearing a +0 leather armour (lightly wounded, poisoned, 71% to hit)
The sting hits the orc priest but does no damage.
The orc priest looks even sicker.
The orc priest is lightly wounded.
The orc priest hits you with a +0 flail!
* * * LOW HITPOINT WARNING * * *
The orc priest hits you with a +0 flail.
* * * LOW HITPOINT WARNING * * *
The orc priest attacks as you move away!
The orc priest hits you with a +0 flail.
You die...

..................#
###.#....##~#.....#
#.#..###≈≈##≈...#
.....~≈≈≈#≈≈#...#
.....##~#≈≈≈≈#≈..#
##....#≈≈≈≈≈≈#≈~.##
##.#.~≈≈≈≈≈≈≈≈#.#
#.#.##≈#≈#≈≈##.#
≈≈≈≈#.@# ~≈≈#~#o.#
####.oo)# ..o...|.#
....o#### #####


You could see an orc priest (very poisoned) and 4 orcs.

Vanquished Creatures
  3 adders
  2 worms (D:2)
  A dart slug (D:2)
  3 bats
  2 endoplasms (D:2)
  6 goblins
  5 hobgoblins
  4 jackals (D:3)
  3 kobolds
  A quokka (D:2)
  4 ball pythons
  2 frilled lizards
  3 rats
39 creatures vanquished.

Notes
Turn   | Place    | Note
-------+----------+-------------------------------------------
     0 | D:1      | Odyseus the Demonspawn Venom Mage began the quest for the
                  | Orb.
     0 | D:1      | Reached XP level 1. HP: 13/13 MP: 3/3
   314 | D:1      | Gained mutation: You regenerate a little health from kills.
                  | [demonic ancestry]
   314 | D:1      | Reached XP level 2. HP: 19/19 MP: 1/5
   517 | D:1      | Learned a level 2 spell: Poisonous Vapours
   765 | D:2      | Found a snail-covered altar of Cheibriados.
   999 | D:2      | Gained mutation: Your touch may inflict minor irresistible
                  | damage on your foes. [demonic ancestry]
   999 | D:2      | Reached XP level 3. HP: 24/24 MP: 6/6
  1013 | D:2      | Reached skill level 1 in Transmutations
  1051 | D:2      | Learned a level 3 spell: Ignite Poison
  1136 | D:2      | Reached skill level 1 in Short Blades
  1397 | D:3      | Reached XP level 4. HP: 30/30 MP: 4/8
  1639 | D:3      | Slain by an orc priest

Illustrated notes

Levels and vault maps discovered:
D:1:      dpeg_arrival_boxes_within_box, layout_basic
D:2:      layout_basic, basic_altar, chequers_jeans
D:3:      layout_loops_ring, serial_forest, infiniplex_forest_clump_double,
          infiniplex_forest_pool, infiniplex_forest_clump_small,
          infiniplex_forest_lined_4_way, infiniplex_forest_straight_2,
          infiniplex_forest_lined_1, infiniplex_forest_straight_4,
          infiniplex_forest_lined_corner, infiniplex_forest_lined_corner,
          infiniplex_forest_straight_5, minivault_4, kennysheep_nondescript

Skill      XL: |  1  2  3 |
---------------+----------+-----
Stealth        | 2 |  2.2
Transmutations | 1 |  1.5
Short Blades   | 1 |  1.1
Fighting       | |  0.2
Dodging        | |  1.9
Spellcasting   | |  2.7
Air Magic      | |  0.1
Poison Magic   | |  3.5

Action                     |  1- 3 |  4- 6 || total
---------------------------+-------+-------++-------
  Melee: Short sword       |    60 |     9 ||    69
         Touch             |     5 |     2 ||     7
  Throw: Dart              |     1 |       ||     1
   Cast: Sting             |    41 |    12 ||    53
         Poisonous Vapours |     6 |       ||     6
   Stab: Sleeping          |     1 |       ||     1
 Armour: Robe              |    18 |     2 ||    20
  Dodge: Dodged            |    44 |    13 ||    57
